[Event "Titled Tuesday Blitz November 29 Early 2022"]
[White "Kiseljova, Marya"]
[Black "Forgacs, Attila Jr."]
[WhiteFideId "4155009"]
[BlackFideId "773654"]
[WhiteElo "1907"]
[BlackElo "2168"]
[Result "0-1"]
[Round "03"]
[TimeControl "180+1"]
[Date "2022.11.30"]
[WhiteClock "0:00:07"]
[BlackClock "0:00:12"]

1. d4 Nf6 2. c4 g6 3. Nc3 d5 4. cxd5 Nxd5 5. Bd2 Bg7 6. e4 Nxc3 7. Bxc3 Nc6 8. Bb5 O-O 9. Bxc6 bxc6 10. Qd2 Ba6 11. Ne2 Qd6 12. Rd1 Rab8 13. O-O c5 14. d5 Bxc3 15. bxc3 c6 16. Rfe1 cxd5 17. Qxd5 Qxd5 18. exd5 Rb2 19. Nc1 Rb7 20. h4 Rd8 21. Nb3 Rc7 22. Re5 Bc4 23. Rde1 Kf8 24. d6 exd6 25. R5e4 Bxb3 26. axb3 d5 27. Re5 d4 28. Rd1 d3 29. Re3 Rb7 30. Rexd3 Rxd3 31. Rxd3 Rxb3 32. Rd7 a5 33. Ra7 Ra3 34. c4 Ra4 35. Kf1 Kg7 36. Ke2 Rxc4 37. Rxa5 Kf6 38. g3 h5 39. Kd3 Rd4+ 40. Ke3 Rc4 41. Kd3 Rc1 42. Kd2 Rf1 43. Ke2 Rc1 44. Kd2 Rf1 45. Ke2 Rb1 46. Rxc5 Rb2+ 47. Kf3 Rb3+ 48. Ke4 Rb4+ 49. Kf3 Rd4 50. Ke3 Rd6 51. Ra5 Re6+ 52. Kf3 Rb6 53. Ke3 Rb3+ 54. Kf4 Rb4+ 55. Ke3 Kg7 56. Ra6 Rb3+ 57. Kf4 Rb5 58. Ke3 Rf5 59. f3 Rb5 60. g4 hxg4 61. fxg4 Rb4 62. Kf3 Rb3+ 63. Kf4 Rb4+ 64. Kf3 Kh6 65. Ra7 Kg7 66. Rc7 Rb1 67. Ra7 Rb3+ 68. Kf4 Rh3 69. Kg5 Rf3 70. h5 gxh5 71. Kxh5 Rh3+ 72. Kg5 Rh1 73. Kf5 Rf1+ 74. Kg5 Rf2 75. Kh5 Rb2 76. Kg5 Rb5+ 77. Kf4 Kg6 78. Ra6+ f6 79. Rc6 Rb4+ 80. Kg3 Kg5 81. Rc5+ Kg6 82. Rc6 Rb5 83. Ra6 Kg5 84. Kf3 Rb3+ 85. Ke4 Rb4+ 86. Kf3 Rf4+ 87. Ke3 Rxg4 88. Ra5+ f5 89. Rb5 Ra4 90. Kf3 Ra3+ 91. Kf2 Kg4 92. Kg2 f4 93. Kf1 Ra2 94. Rb8 Kf3 95. Rb3+ Kg4 96. Rb8 Kg3 97. Rb3+ f3 98. Ke1 Kg2 99. Rb1 f2+ 100. Kd1 f1=Q# 0-1


[Site "https://www.chess.com"]

[Event "Titled Tuesday Blitz November 29 Early 2022"]
[White "Koellner, Ruben Gideon"]
[Black "Kashtanov, Ruslan"]
[WhiteFideId "12993093"]
[BlackFideId "4124871"]
[WhiteElo "2303"]
[BlackElo "2276"]
[Result "1-0"]
[Round "03"]
[TimeControl "180+1"]
[Date "2022.11.30"]
[WhiteClock "0:00:08"]
[BlackClock "0:00:01"]

1. d4 Nf6 2. Nf3 b5 3. Nbd2 Bb7 4. e3 a6 5. Bd3 e6 6. O-O c5 7. c3 Be7 8. a4 b4 9. Qe2 Nc6 10. Nc4 O-O 11. Bd2 d5 12. Nce5 c4 13. Bc2 bxc3 14. Nxc6 Bxc6 15. bxc3 Rb8 16. Ne5 Qc7 17. Rfb1 Ba8 18. f4 g6 19. Qd1 Ne4 20. Bxe4 dxe4 21. Rxb8 Rxb8 22. Rb1 Bd5 23. Qc2 f6 24. Ng4 Rb3 25. Bc1 Qb6 26. Ra1 h5 27. Nf2 Qb7 28. g3 Kf7 29. Kg2 a5 30. h3 Bd6 31. g4 hxg4 32. hxg4 Qa8 33. Bd2 Qh8 34. Rh1 Qg8 35. Bc1 Kg7 36. Kg1 f5 37. g5 Qb8 38. Nd1 Rb1 39. Rh2 Qb3 40. Kf1 Qxc2 41. Rxc2 Bc6 42. Ke1 Bxa4 43. Kd2 Bxc2 44. Kxc2 Rb3 45. Nb2 Rb8 46. Nxc4 Bc7 47. Ba3 Rh8 48. Kb3 Kf7 49. Bc5 Rh3 50. Ka4 Ke8 51. Kb5 Kd7 52. Bb6 Bxb6 53. Nxb6+ Kc7 54. Nc4 a4 55. Kxa4 Kc6 56. Kb4 Rh1 57. Ne5+ Kd5 58. c4+ Kd6 59. Nxg6 Rb1+ 60. Kc3 Rc1+ 61. Kd2 Rxc4 62. Ne5 Rc7 63. g6 1-0


[Site "https://www.chess.com"]

[Event "Titled Tuesday Blitz November 29 Early 2022"]
[White "Kosakowski, Jakub"]
[Black "Chernov, Mikhail"]
[WhiteFideId "1185080"]
[BlackFideId "24143170"]
[WhiteElo "2463"]
[BlackElo "2113"]
[Result "1-0"]
[Round "03"]
[TimeControl "180+1"]
[Date "2022.11.30"]
[WhiteClock "0:00:09"]
[BlackClock "0:00:09"]

1. d4 d5 2. c4 c6 3. Nf3 Nf6 4. Nbd2 c5 5. cxd5 cxd4 6. Qa4+ Qd7 7. Qxd7+ Bxd7 8. Nxd4 Nxd5 9. a3 e5 10. N4f3 Nc6 11. e4 Nc7 12. Nc4 f6 13. Be3 Ne6 14. Rd1 O-O-O 15. Be2 Kc7 16. O-O Bc5 17. b4 Bd4 18. b5 Ne7 19. Nxd4 exd4 20. b6+ axb6 21. Bxd4 Nxd4 22. Rxd4 Bb5 23. Rxd8 Rxd8 24. Rc1 Nc6 25. f3 Bxc4 26. Bxc4 Rd2 27. f4 Kd6 28. Bd5 b5 29. Rb1 Kc5 30. h4 Nd4 31. Kh2 Ne2 32. Rf1 Kd4 33. Bxb7 Ke3 34. Rf3+ Kd4 35. h5 h6 36. Bc6 Rb2 37. Be8 Nc3 38. Bg6 Nxe4 39. Rf1 Nc3 40. Re1 Kc4 41. Re7 Kb3 42. Rxg7 Kxa3 43. Rf7 b4 44. Rxf6 b3 45. Ra6+ Kb4 46. f5 Rf2 47. f6 Nd5 48. f7 Ne3 49. Ra8 Rxg2+ 50. Kh3 Rf2 51. f8=Q+ Rxf8 52. Rxf8 b2 53. Rb8+ Kc3 54. Kg3 Nc4 55. Kf4 Nd2 56. Ke5 Nc4+ 57. Kf6 Nd2 58. Kg7 Nf3 59. Kxh6 Ne5 60. Kg7 Nc6 61. Rxb2 Kc4 62. h6 1-0


[Site "https://www.chess.com"]

[Event "Titled Tuesday Blitz November 29 Early 2022"]
[White "Kuchava, Ana"]
[Black "Miszler, Levente"]
[WhiteFideId "13605348"]
[BlackFideId "763276"]
[WhiteElo "2001"]
[BlackElo "2176"]
[Result "1-0"]
[Round "03"]
[TimeControl "180+1"]
[Date "2022.11.30"]
[WhiteClock "0:00:20"]
[BlackClock "0:00:08"]

1. d4 d5 2. Nf3 Nc6 3. c4 Bg4 4. e3 e5 5. Be2 exd4 6. exd4 dxc4 7. O-O Nf6 8. Nc3 Be7 9. h3 Bxf3 10. Bxf3 Nxd4 11. Bxb7 Rb8 12. Ba6 O-O 13. Bxc4 Bc5 14. Be3 Qd6 15. Na4 Ne6 16. Nxc5 Nxc5 17. Rc1 Nce4 18. Qxd6 cxd6 19. b3 d5 20. Bd3 Rb7 21. f3 Nd6 22. Bc5 Rd7 23. Rfe1 h6 24. Kf2 Rc8 25. Bxd6 Rcd8 26. Be7 Re8 27. Bxf6 Rxe1 28. Kxe1 gxf6 29. Kd2 Kg7 30. Rc5 f5 31. Bxf5 Rd6 32. Kd3 Kf6 33. g4 Ke5 34. Rc8 Kf4 35. Rc7 f6 36. Rxa7 Kxf3 37. b4 Kg3 38. b5 Kxh3 39. Ra6 Rd8 40. b6 Kh4 41. b7 Rb8 42. Bc8 h5 43. gxh5 1-0


[Site "https://www.chess.com"]

[Event "Titled Tuesday Blitz November 29 Early 2022"]
[White "Kulkarni, Vikramaditya"]
[Black "Kozak, Antoni"]
[WhiteFideId "5009847"]
[BlackFideId "21832030"]
[WhiteElo "2273"]
[BlackElo "2447"]
[Result "0-1"]
[Round "03"]
[TimeControl "180+1"]
[Date "2022.11.30"]
[WhiteClock "0:00:01"]
[BlackClock "0:01:24"]

1. d4 e6 2. e4 b6 3. Nf3 Bb7 4. Bd3 Nf6 5. Qe2 c5 6. d5 d6 7. O-O e5 8. c4 Be7 9. Nc3 O-O 10. Nh4 Nxd5 11. exd5 Bxh4 12. f4 Nd7 13. Ne4 Be7 14. Ng5 h6 15. Nh7 Re8 16. f5 f6 17. Qh5 Nf8 18. Nxf8 Bxf8 19. Be4 Qd7 20. Rf3 Qf7 21. Qg4 Kh7 22. Bd2 b5 23. cxb5 Bxd5 24. Qg6+ Kh8 25. Qxf7 Bxf7 26. Bxa8 Rxa8 27. b4 c4 28. Ra3 Bd5 29. Be3 Bb7 30. Rxa7 Rxa7 31. Bxa7 d5 32. Bc5 Kg8 33. a4 d4 34. a5 c3 35. a6 Be4 36. Kf1 d3 37. b6 d2 38. Ke2 Bd5 39. b7 Bc4+ 40. Ke3 c2 41. Kxd2 Bxa6 42. b8=Q Kh7 43. Qxf8 c1=Q+ 0-1


[Site "https://www.chess.com"]

[Event "Titled Tuesday Blitz November 29 Early 2022"]
[White "Kuznetsov, Mikhail"]
[Black "Sharifov, Mekhriddin"]
[WhiteFideId "4117190"]
[BlackFideId "14701545"]
[WhiteElo "1981"]
[BlackElo "2109"]
[Result "1-0"]
[Round "03"]
[TimeControl "180+1"]
[Date "2022.11.30"]
[WhiteClock "0:00:07"]
[BlackClock "0:00:13"]

1. Nf3 Nf6 2. g3 d5 3. Bg2 Bg4 4. Ne5 Bf5 5. O-O Nbd7 6. d4 e6 7. c4 c6 8. Nc3 Be7 9. Qb3 Qb6 10. Nxd7 Nxd7 11. c5 Qxb3 12. axb3 O-O 13. b4 a6 14. Bd2 Rfe8 15. Rfd1 e5 16. e4 dxe4 17. d5 cxd5 18. Nxd5 Rac8 19. Nc3 Nf6 20. Bg5 Bg4 21. Rd2 Bf3 22. Bxf6 gxf6 23. Nxe4 Bxg2 24. Kxg2 f5 25. Nc3 Bg5 26. Rd7 Re7 27. Rad1 a5 28. bxa5 Rxc5 29. h4 Rxd7 30. Rxd7 Bc1 31. Rxb7 Rxa5 32. Ne2 Bd2 33. Rd7 Bb4 34. Rb7 Bc5 35. b4 Ra2 36. bxc5 Rxe2 37. c6 Rc2 38. c7 Kg7 39. Kf3 Kf6 40. Rb6+ Ke7 41. Rb5 Ke6 42. Rb6+ Kd7 43. Rf6 Ke7 44. Rxf5 Ke6 45. Rh5 Rxc7 46. Rxh7 e4+ 47. Kf4 Rc2 48. Ke3 Ra2 49. g4 f6 50. Rh6 Kf7 51. g5 fxg5 52. hxg5 Kg7 53. Rf6 Rb2 54. Kxe4 Rb5 55. f4 Rb4+ 56. Kf3 Rb1 57. Kg4 Rg1+ 58. Kf5 Rb1 59. Rd6 Rb7 60. Rd5 Re7 61. Re5 Ra7 62. Kg4 Ra4 63. Re7+ Kg6 64. Re6+ Kg7 65. Kf5 Rb4 66. Re7+ Kf8 67. Rh7 Rb5+ 68. Kg4 Rb4 69. Ra7 Kg8 70. Ra6 Kg7 71. Kf5 Rb5+ 72. Kg4 Rb4 73. Re6 Kf7 74. Re5 Ra4 75. Kf5 Kg7 76. Re7+ Kf8 77. Rb7 Ra5+ 78. Ke4 Ra4+ 79. Kf5 Ra5+ 80. Kg4 Ra4 81. g6 Kg8 82. Kg5 Ra1 83. f5 Ra6 84. Kh6 Ra8 85. f6 Rf8 86. Rg7+ Kh8 87. Rh7+ Kg8 88. f7+ Rxf7 89. Rxf7 Kh8 90. Rf8# 1-0


[Site "https://www.chess.com"]

[Event "Titled Tuesday Blitz November 29 Early 2022"]
[White "Kvaloy, Aksel Bu"]
[Black "Buksa, Nataliya"]
[WhiteFideId "1528815"]
[BlackFideId "14123622"]
[WhiteElo "2184"]
[BlackElo "2313"]
[Result "0-1"]
[Round "03"]
[TimeControl "180+1"]
[Date "2022.11.30"]
[WhiteClock "0:02:20"]
[BlackClock "0:02:30"]

1. d4 d5 2. c4 e6 3. Nf3 Nf6 4. g3 Bb4+ 5. Bd2 Be7 6. Bg2 O-O 7. O-O c6 8. Qc2 Nbd7 9. Bf4 a5 10. Nbd2 b5 11. b3 Nh5 12. Be3 f5 13. Ne5 Bb7 14. f4 Nhf6 15. Bf2 Nxe5 16. dxe5 Ne4 17. Nxe4 dxe4 18. Rfd1 Qc8 19. Rd8 Rxd8 0-1


[Site "https://www.chess.com"]

[Event "Titled Tuesday Blitz November 29 Early 2022"]
[White "Larina, Maria"]
[Black "Mrudul Dehankar"]
[WhiteFideId "24113182"]
[BlackFideId "25096990"]
[WhiteElo "1848"]
[BlackElo "2068"]
[Result "0-1"]
[Round "03"]
[TimeControl "180+1"]
[Date "2022.11.30"]
[WhiteClock "0:00:13"]
[BlackClock "0:00:03"]

1. e4 c5 2. Nc3 Nc6 3. g3 g6 4. Bg2 Bg7 5. d3 e6 6. Be3 Nd4 7. Nge2 Ne7 8. O-O d6 9. Qd2 Rb8 10. Nd1 O-O 11. c3 Nxe2+ 12. Qxe2 b5 13. Qd2 b4 14. Bh6 Nc6 15. Bxg7 Kxg7 16. f4 Qb6 17. Kh1 bxc3 18. bxc3 Ba6 19. f5 exf5 20. exf5 f6 21. fxg6 hxg6 22. Re1 Rbe8 23. Ne3 Ne5 24. Nd5 Qd8 25. c4 Rh8 26. Rf1 Bc8 27. Nxf6 Bf5 28. Nxe8+ Qxe8 29. Rae1 Qd7 30. Be4 Ng4 31. Bxf5 Nxh2 32. Qxh2 Rxh2+ 33. Kxh2 gxf5 34. Rf2 Qa4 35. Rfe2 Kf6 36. Re6+ Kg5 37. Rxd6 Qxa2+ 38. Kh3 Qd2 39. Ree6 Kh5 40. Rf6 Qg5 41. Rfe6 Qg4+ 42. Kg2 Qg5 43. Rd5 a5 44. Rxc5 Qd2+ 45. Kh3 Qf2 46. Ree5 Qf1+ 47. Kh2 Kg4 48. Rxf5 Qh3+ 49. Kg1 Qxg3+ 50. Kf1 Qxd3+ 51. Kg2 Qxf5 52. Rxf5 Kxf5 53. c5 a4 54. c6 Ke6 55. c7 Kd7 56. Kf2 a3 57. Ke2 a2 0-1


[Site "https://www.chess.com"]

[Event "Titled Tuesday Blitz November 29 Early 2022"]
[White "Lauridsen, Jesper Morch"]
[Black "Fecker, Noah"]
[WhiteFideId "1401890"]
[BlackFideId "1334263"]
[WhiteElo "2251"]
[BlackElo "2291"]
[Result "1-0"]
[Round "03"]
[TimeControl "180+1"]
[Date "2022.11.30"]
[WhiteClock "0:01:18"]
[BlackClock "0:02:12"]

1. Nf3 Nc6 2. b3 e5 3. Bb2 e4 4. Ne5 Qf6 5. Nc4 Qg6 6. Nc3 Nf6 7. Nb5 Kd8 8. g3 d5 9. Ne5 Bd6 10. Nxg6 hxg6 11. Nxd6 cxd6 12. Bxf6+ gxf6 13. d3 exd3 14. Qxd3 d4 15. Bg2 Bf5 16. Qd2 d3 17. Bxc6 bxc6 18. cxd3 Kd7 19. Rc1 1-0


[Site "https://www.chess.com"]

[Event "Titled Tuesday Blitz November 29 Early 2022"]
[White "Lehtosaari, Mauri"]
[Black "Matveeva, Olga"]
[WhiteFideId "501999"]
[BlackFideId "24107018"]
[WhiteElo "2495"]
[BlackElo "2055"]
[Result "1-0"]
[Round "03"]
[TimeControl "180+1"]
[Date "2022.11.30"]
[WhiteClock "0:00:06"]
[BlackClock "0:00:02"]

1. Nf3 Nf6 2. c4 e6 3. Nc3 d5 4. cxd5 exd5 5. d4 Be7 6. Bf4 c6 7. e3 Bg4 8. Be2 Nbd7 9. O-O O-O 10. Rb1 a5 11. a3 Re8 12. b4 b5 13. h3 Bxf3 14. Bxf3 axb4 15. axb4 Nb6 16. e4 dxe4 17. Nxe4 Nfd5 18. Bd2 Nc4 19. Nc5 Ra2 20. Be1 Bf6 21. Ne4 g6 22. Nxf6+ Qxf6 23. Qd3 Ra3 24. Rb3 Rxb3 25. Qxb3 Qxd4 26. Qa2 Re6 27. Qa8+ Kg7 28. Bxd5 cxd5 29. Qb8 Nd6 30. Qc7 Qc4 31. Bc3+ d4 32. Qxc4 Nxc4 33. Bxd4+ f6 34. Ra1 Re2 35. Ra7+ Kh6 36. Bxf6 Re1+ 37. Kh2 Rb1 38. Be7 Nd2 39. g4 Nf1+ 40. Kg2 Nd2 41. Bc5 Ne4 42. Be3+ g5 43. Ra6+ Kg7 44. Re6 Nc3 45. Bxg5 Nd1 46. Rb6 Rxb4 47. Bh6+ Kf7 48. g5 Rb2 49. Rf6+ Ke7 50. h4 b4 51. Rf3 b3 52. Bg7 Rb1 53. h5 b2 54. Rb3 Kf7 55. Bd4 Ke6 56. g6 hxg6 57. hxg6 Rc1 58. Bxb2 Rb1 59. g7 Nxb2 60. g8=Q+ 1-0


[Site "https://www.chess.com"]

[Event "Titled Tuesday Blitz November 29 Early 2022"]
[White "Lesbekova, Assel"]
[Black "Fromm, Marius"]
[WhiteFideId "13713248"]
[BlackFideId "12993190"]
[WhiteElo "1700"]
[BlackElo "2325"]
[Result "0-1"]
[Round "03"]
[TimeControl "180+1"]
[Date "2022.11.30"]
[WhiteClock "0:00:02"]
[BlackClock "0:00:09"]

1. e4 c5 2. Nc3 d6 3. Nge2 Nf6 4. d4 cxd4 5. Nxd4 a6 6. f3 e5 7. Nb3 Be6 8. Be3 h5 9. Qd2 Nbd7 10. g3 Be7 11. Be2 Rc8 12. h3 Nb6 13. f4 Nc4 14. Bxc4 Rxc4 15. f5 Bd7 16. Qd3 Qc7 17. Nd2 Rc6 18. Bg5 b5 19. Bxf6 Bxf6 20. Nd5 Qd8 21. Nxf6+ Qxf6 22. Nf1 d5 23. Ne3 dxe4 24. Qxe4 Rd6 25. Qa8+ Qd8 26. Qxd8+ Kxd8 27. Rd1 Rxd1+ 28. Kxd1 Bc6 29. Rh2 Ke7 30. Rd2 Rd8 31. Rxd8 Kxd8 32. Ke2 Ke7 33. Kd3 Kf6 34. c4 bxc4+ 35. Kxc4 Be4 36. g4 Kg5 37. Kc3 Kf4 38. Kd2 h4 39. b4 f6 40. a4 Bc6 41. a5 Kg3 42. Ke2 Bb5+ 43. Ke1 e4 44. Nd5 Kxh3 45. Nc7 Bd3 46. b5 axb5 47. a6 e3 48. a7 Be4 49. a8=Q Bxa8 50. Nxa8 Kxg4 51. Kf1 Kxf5 52. Kg2 b4 53. Nc7 b3 54. Nd5 b2 55. Nc3 g5 0-1


[Site "https://www.chess.com"]

[Event "Titled Tuesday Blitz November 29 Early 2022"]
[White "Levitan, Caleb Levi"]
[Black "Roque Sola, Jose Luis"]
[WhiteFideId "14332620"]
[BlackFideId "5120390"]
[WhiteElo "1963"]
[BlackElo "2117"]
[Result "1-0"]
[Round "03"]
[TimeControl "180+1"]
[Date "2022.11.30"]
[WhiteClock "0:01:20"]
[BlackClock "0:01:37"]

1. e4 e6 2. d4 d5 3. Nc3 Nf6 4. e5 Nfd7 5. f4 c5 6. Nf3 Nc6 7. Be3 a6 8. Qd2 Be7 9. Bd3 b5 10. dxc5 Bxc5 11. Bf2 Qb6 12. O-O Bxf2+ 13. Qxf2 Qxf2+ 14. Rxf2 Nc5 15. Ne2 Nxd3 16. cxd3 Bb7 17. Ned4 Rc8 18. Rc1 O-O 19. Rfc2 Nxd4 20. Nxd4 Rxc2 21. Rxc2 Rc8 22. Rxc8+ Bxc8 23. b4 f6 24. Kf2 Kf7 25. Kf3 g5 26. g3 h5 27. h4 g4+ 28. Ke3 f5 29. Nb3 Bb7 30. Kd4 Ke7 31. Kc5 Kd7 32. Kb6 Bc8 33. Nc5+ Ke7 34. Kc7 1-0


[Site "https://www.chess.com"]

[Event "Titled Tuesday Blitz November 29 Early 2022"]
[White "Lopez Del Alamo, Antonio"]
[Black "Manukyan, Sargis A."]
[WhiteFideId "2227339"]
[BlackFideId "13303970"]
[WhiteElo "2175"]
[BlackElo "2187"]
[Result "1-0"]
[Round "03"]
[TimeControl "180+1"]
[Date "2022.11.30"]
[WhiteClock "0:00:16"]
[BlackClock "0:00:10"]

1. e4 c5 2. Nf3 d6 3. d4 cxd4 4. Nxd4 Nf6 5. Nc3 g6 6. Be2 Bg7 7. O-O O-O 8. Bg5 Nc6 9. Nb3 Be6 10. Kh1 b6 11. f4 Qc8 12. Bf3 Rd8 13. Nd5 Bxd5 14. exd5 Nb4 15. c3 Na6 16. Nd4 Nc5 17. Re1 Re8 18. b4 Ncd7 19. Nc6 Bf8 20. a4 Nb8 21. b5 Nxc6 22. dxc6 Qc7 23. Bxf6 exf6 24. Bd5 a5 25. f5 Bh6 26. Qf3 Kg7 27. g3 Re5 28. Rxe5 dxe5 29. c4 Rd8 30. Rf1 Rd6 31. Qb3 gxf5 32. c5 Rd8 33. Rxf5 Be3 34. Qxe3 Rxd5 35. cxb6 Qd6 36. Rf1 Rd3 37. Qf2 Rd2 38. Qf3 Rd3 39. Qg4+ Kh6 40. c7 Qd5+ 41. Kg1 Rd2 42. Qh4+ Kg7 43. Qxf6+ Kg8 44. Qxf7+ Qxf7 45. Rxf7 Rd1+ 46. Rf1 Rc1 47. Rxc1 Kf7 48. c8=Q Kg6 49. Qc5 Kh6 50. Qxe5 Kg6 51. Rc6+ Kf7 52. Qc7+ 1-0


[Site "https://www.chess.com"]

[Event "Titled Tuesday Blitz November 29 Early 2022"]
[White "Lucas, Arthur"]
[Black "Yuan, Qingyu"]
[WhiteFideId "26093073"]
[BlackFideId "8609772"]
[WhiteElo "2251"]
[BlackElo "2359"]
[Result "0-1"]
[Round "03"]
[TimeControl "180+1"]
[Date "2022.11.30"]
[WhiteClock "0:00:03"]
[BlackClock "0:00:23"]

1. e4 e5 2. Nf3 Nc6 3. Bb5 Nf6 4. d3 Bc5 5. O-O Nd4 6. Nxd4 Bxd4 7. c3 Bb6 8. a4 c6 9. Bc4 h6 10. b4 O-O 11. a5 Bc7 12. Nd2 d5 13. Bb3 Qe7 14. Re1 Be6 15. Ba3 Rfd8 16. h3 dxe4 17. Bxe6 Qxe6 18. dxe4 Rd3 19. Qc2 Rad8 20. Nf1 Qc4 21. Re3 Nxe4 22. Bb2 b6 23. a6 b5 24. Rae1 f5 25. Rxd3 Qxd3 26. Qxd3 Rxd3 27. f3 Nf6 28. Kh1 Nd5 29. Kh2 e4+ 30. Kh1 exf3 31. gxf3 Rxf3 32. Nd2 Rxh3+ 33. Kg2 Rh2+ 34. Kf3 Rxd2 35. Re8+ Kf7 36. Ra8 g5 37. Rxa7 g4# 0-1


[Site "https://www.chess.com"]

[Event "Titled Tuesday Blitz November 29 Early 2022"]
[White "Maksimovic, Bojan"]
[Black "Salman, Pavel"]
[WhiteFideId "14408120"]
[BlackFideId "24153753"]
[WhiteElo "2447"]
[BlackElo "2187"]
[Result "1-0"]
[Round "03"]
[TimeControl "180+1"]
[Date "2022.11.30"]
[WhiteClock "0:00:50"]
[BlackClock "0:00:05"]

1. e4 c5 2. Nf3 e6 3. d4 cxd4 4. Nxd4 a6 5. Nc3 Qc7 6. Qd3 Nf6 7. Qg3 Qxg3 8. hxg3 Bb4 9. Bd3 Nc6 10. Nxc6 bxc6 11. Bd2 e5 12. f3 d5 13. exd5 cxd5 14. a3 Bd6 15. g4 e4 16. fxe4 Bg3+ 17. Kf1 Bxg4 18. Nxd5 Nxd5 19. exd5 h5 20. Be1 Be5 21. Rb1 O-O 22. c4 f5 23. b4 f4 24. Bf2 f3 25. g3 Rad8 26. Rd1 Kh8 27. Bg6 Rd6 28. Be4 Rh6 29. Be3 Rhf6 30. Kf2 g5 31. Bxg5 R6f7 32. d6 Rg7 33. Be7 Rff7 34. c5 Rxe7 35. dxe7 Rxe7 36. Bg6 Kg7 37. Bxh5 Be6 38. Bxf3 Bb3 39. Rd3 Bc2 40. Rd5 Bf6 41. Re1 Rf7 42. Kg2 Bc3 43. Re6 Bg6 44. Rg5 Bf6 45. Rxg6+ Kxg6 46. Rxa6 Kf5 47. Bd5 Be5 48. Bxf7 1-0


[Site "https://www.chess.com"]

[Event "Titled Tuesday Blitz November 29 Early 2022"]
[White "Malek, Jan"]
[Black "Amin-Erdene, Bayanmunkh"]
[WhiteFideId "21864080"]
[BlackFideId "4903161"]
[WhiteElo "2255"]
[BlackElo "1447"]
[Result "1/2-1/2"]
[Round "03"]
[TimeControl "180+1"]
[Date "2022.11.30"]
[WhiteClock "0:00:06"]
[BlackClock "0:00:04"]

1. e4 d6 2. f4 Nf6 3. Nc3 g6 4. Nf3 Bg7 5. Bc4 O-O 6. d3 a6 7. a4 Nc6 8. O-O e5 9. fxe5 Nxe5 10. Nxe5 dxe5 11. Bg5 h6 12. Bh4 Qd6 13. Qd2 g5 14. Bg3 Nh5 15. Bf2 Nf4 16. Be3 c6 17. a5 Be6 18. Bxe6 Qxe6 19. g3 Ng6 20. Rf5 Ne7 21. Rf2 f5 22. exf5 Rxf5 23. Raf1 Raf8 24. Ne4 Rxf2 25. Rxf2 Nd5 26. Bc5 Rxf2 27. Qxf2 Nf6 28. b3 Nxe4 29. dxe4 Qf7 30. Qd2 Qf3 31. Qd8+ Kh7 32. Qd3 Qxd3 33. cxd3 Kg6 34. Kf2 g4 35. Ke3 h5 36. Kd2 Kf6 37. Kc3 Ke6 38. Kc4 Bh6 39. b4 Bd2 40. Bf2 Kd6 41. Ba7 Be1 42. Bb8+ Ke6 43. Ba7 Kd6 44. Be3 h4 45. gxh4 Bxh4 46. Bc5+ Ke6 47. Bb6 Bg5 48. Bf2 Bf4 49. Bg1 Kd6 50. Bc5+ Kd7 51. Bg1 Kd6 52. Kc3 Ke6 53. Kb3 Kd6 54. Kc4 Bg5 55. Bc5+ Ke6 56. Bg1 Bf4 57. Kc5 Kd7 58. Kb6 Kc8 59. Kc5 Kc7 60. d4 exd4 61. Kxd4 Kd6 62. Kd3 Ke5 63. Bd4+ Ke6 64. Bg1 Ke5 65. Bd4+ Ke6 66. Bg1 Bd6 67. Kc4 Kd7 68. Kc3 Ke6 69. Kc4 Be7 70. Bc5 Bf6 71. Bf2 Be5 72. Bg3 Bf6 73. Kc5 Be7+ 74. Kc4 Bf6 75. Kc5 Be7+ 76. Kb6 Bxb4 77. Kxb7 Bxa5 78. Kxc6 Bb4 79. Kb6 a5 80. Kb5 Bc3 81. Bc7 Be5 82. Bb6 Bxh2 83. Kxa5 g3 84. Bc7 g2 85. Bxh2 g1=Q 86. Bxg1 Ke5 87. Kb5 Kxe4 1/2-1/2


[Site "https://www.chess.com"]

[Event "Titled Tuesday Blitz November 29 Early 2022"]
[White "Malyi, Viacheslav"]
[Black "Visakh N R"]
[WhiteFideId "14123983"]
[BlackFideId "25012223"]
[WhiteElo "2291"]
[BlackElo "2466"]
[Result "0-1"]
[Round "03"]
[TimeControl "180+1"]
[Date "2022.11.30"]
[WhiteClock "0:00:18"]
[BlackClock "0:00:42"]

1. e4 e5 2. Nf3 Nf6 3. Nxe5 d6 4. Nf3 Nxe4 5. d3 Nf6 6. d4 g6 7. Bd3 Bg7 8. O-O O-O 9. Bg5 Nc6 10. c3 h6 11. Bf4 Ne7 12. h3 Bf5 13. Qd2 Nfd5 14. Bh2 Qd7 15. Re1 Bxd3 16. Qxd3 Rae8 17. Nbd2 g5 18. c4 Nb4 19. Qb1 Nf5 20. a3 Rxe1+ 21. Nxe1 Nc6 22. d5 Ncd4 23. Nef3 Re8 24. Qd3 c6 25. g4 Nxf3+ 26. Nxf3 Ne7 27. dxc6 Qxc6 28. Nd4 Bxd4 29. Qxd4 Ng6 30. Bg3 Ne5 31. Bxe5 Rxe5 32. Rd1 b6 33. b4 Re4 34. Qd3 Rxc4 35. Qxd6 Qxd6 36. Rxd6 Rc3 37. Rxh6 Rxa3 38. Rd6 Rxh3 39. Rd5 f6 40. Rd7 Rb3 41. Rxa7 Rxb4 42. f3 b5 43. Kf2 Rf4 44. Rb7 b4 45. Ke3 Kf8 46. Ke2 Ke8 47. Ke3 Kd8 48. Ke2 Kc8 49. Rb5 Kc7 50. Ke3 Kc6 51. Rb8 Kc5 52. Rc8+ Kb5 53. Rb8+ Kc4 54. Ra8 b3 55. Rb8 Kc3 56. Rc8+ Rc4 57. Rb8 b2 0-1


[Site "https://www.chess.com"]

[Event "Titled Tuesday Blitz November 29 Early 2022"]
[White "Manelyuk, Daniil"]
[Black "Tsatsalashvili, Keti"]
[WhiteFideId "44173920"]
[BlackFideId "13603434"]
[WhiteElo "2209"]
[BlackElo "2220"]
[Result "1-0"]
[Round "03"]
[TimeControl "180+1"]
[Date "2022.11.30"]
[WhiteClock "0:00:11"]
[BlackClock "0:00:02"]

1. e4 c5 2. Nf3 d6 3. d4 cxd4 4. Nxd4 Nf6 5. Nc3 Nc6 6. Be3 Ng4 7. Bc1 Nf6 8. f3 e5 9. Nb3 Be6 10. Be3 Be7 11. Qd2 d5 12. exd5 Nxd5 13. Nxd5 Qxd5 14. Qxd5 Bxd5 15. O-O-O O-O-O 16. Be2 Be6 17. Kb1 f6 18. Nc1 Rxd1 19. Rxd1 Rd8 20. Rxd8+ Bxd8 21. c3 a6 22. Kc2 Kd7 23. Bd3 g6 24. Nb3 Be7 25. a4 Kc7 26. Nc5 Bc8 27. b4 Bd6 28. Bc4 Ne7 29. Ne6+ Kb8 30. h4 h5 31. g4 f5 32. gxh5 gxh5 33. Bg5 e4 34. Kd2 exf3 35. Ke3 Ng6 36. Nd4 Be5 37. Kxf3 Bd7 38. Bf7 Nf8 39. Bf4 Bxf4 40. Kxf4 Bxa4 41. Bxh5 Kc7 42. Kxf5 b6 43. Be2 a5 44. h5 Be8 45. h6 Bg6+ 46. Kf6 Be4 47. Kg7 Nh7 48. Bg4 Ng5 49. Kf6 Nh7+ 50. Ke5 Bd3 51. Bf5 Bxf5 52. Kxf5 Kd6 53. Kg6 Nf8+ 54. Kg7 Nd7 55. h7 1-0


[Site "https://www.chess.com"]

[Event "Titled Tuesday Blitz November 29 Early 2022"]
[White "Manukyan, Artyom"]
[Black "Hartikainen, Jarmo"]
[WhiteFideId "13305786"]
[BlackFideId "503134"]
[WhiteElo "2078"]
[BlackElo "2222"]
[Result "1-0"]
[Round "03"]
[TimeControl "180+1"]
[Date "2022.11.30"]
[WhiteClock "0:02:20"]
[BlackClock "0:00:14"]

1. e4 c5 2. b3 Nc6 3. Bb2 e5 4. Nc3 Nf6 5. Nf3 d6 6. Bc4 Bg4 7. h3 Bh5 8. g4 Bg6 9. Qe2 Be7 10. O-O-O a6 11. a4 O-O 12. g5 Nh5 13. Nd5 Nd4 14. Nxd4 cxd4 15. h4 Rc8 16. Kb1 Re8 17. Qg4 b5 18. axb5 axb5 19. Bxb5 Qa5 20. Nxe7+ Kh8 21. Nxc8 f5 22. gxf6 Qxb5 23. Nxd6 1-0


[Site "https://www.chess.com"]

[Event "Titled Tuesday Blitz November 29 Early 2022"]
[White "Matinian, Nikita"]
[Black "Garagulya, Konstantin"]
[WhiteFideId "24129100"]
[BlackFideId "4128931"]
[WhiteElo "2422"]
[BlackElo "2329"]
[Result "1-0"]
[Round "03"]
[TimeControl "180+1"]
[Date "2022.11.30"]
[WhiteClock "0:00:54"]
[BlackClock "0:00:14"]

1. e4 c5 2. Nf3 a6 3. g3 b5 4. Bg2 Bb7 5. d3 e6 6. O-O Ne7 7. Re1 d5 8. e5 Nbc6 9. Nbd2 Ng6 10. Nf1 Qc7 11. Qe2 Nd4 12. Nxd4 cxd4 13. Bd2 Qxc2 14. h4 Qc7 15. h5 Ne7 16. g4 h6 17. Ng3 Nc6 18. f4 Be7 19. f5 Bh4 20. Kh2 Bxg3+ 21. Kxg3 O-O-O 22. Rac1 Kb8 23. Bf4 Ka8 24. Rc5 Qd7 25. Rec1 Rc8 26. f6 gxf6 27. exf6 e5 28. Bxe5 Rhe8 29. Rxd5 Qe6 30. Rdc5 Nxe5 31. Rxc8+ Rxc8 32. Rxc8+ Qxc8 33. Bxb7+ Kxb7 34. Qxe5 Qc1 35. Qxd4 Qe1+ 36. Kf4 Qf1+ 37. Ke5 Qh3 38. Qd7+ Kb6 39. Qxf7 Qe3+ 40. Kd6 Qxd3+ 41. Qd5 Qg3+ 42. Kd7 Qxg4+ 43. Qe6+ Qxe6+ 44. Kxe6 b4 45. f7 b3 46. axb3 1-0


[Site "https://www.chess.com"]